AoeStats
← Waku Waku

African Clearing

506436777Analyzed
4v4 RM · 19d ago on Sep 13, 2026· 51m 9s· 8 players
Game mode
Random Map
Map size
Large (8 player)
Population
200
Speed
Normal
Resources
Standard
Victory
Conquest
Starting age
Dark Age
Ending age
Imperial Age
RankedLock teamsTeams togetherTeam positionsShared explorationLock speedFull tech treeHidden civsTurbo modeCheats
Victory
Defeat
🇺🇸 Persians · United States
1072
+14
🇩🇪 Huns · Germany
1063
+15
🇨🇳 Mongols · China
1059
+29
🇳🇿 Bulgarians · New Zealand
1003
+17
🇭🇰 Vietnamese · Hong Kong SAR China
1131
-20
🇷🇺 Dravidians · Russia
1032
-15
🇭🇰 Poles · Hong Kong SAR China
1012
-14
🇭🇰 Persians · Hong Kong SAR China
954
-12
idle villager
3:32 Loom
25:45 Feudal Age
27:32 Double-Bit Axe
31:59 Castle Age
29:53 Horse Collar
30:26 Stone Mining
33:05 Bow Saw
33:33 Wheelbarrow
33:19 Fletching
36:17 Padded Archer Armor
44:56 Heavy Plow
Waku Waku
4:17 Loom
14:01 Feudal Age
16:09 Bloodlines
20:20 Castle Age
20:19 Double-Bit Axe
22:26 Forging
24:46 Gold Mining
24:55 Fletching
25:41 Iron Casting
26:01 Stone Mining
26:34 Husbandry
32:45 Horse Collar
45:29 Bow Saw
*
3:12 Loom
14:30 Feudal Age
18:52 Castle Age
16:45 Horse Collar
17:23 Gold Mining
19:43 Double-Bit Axe
21:03 Bow Saw
23:08 Wheelbarrow
23:50 Heavy Plow
29:06 Imperial Age
27:05 Stone Mining
27:41 Ballistics
27:13 Fletching
27:24 Padded Archer Armor
28:43 Padded Archer Armor
30:25 Bodkin Arrow
30:46 Leather Archer Armor
32:10 Hand Cart
33:06 Thumb Ring
34:34 Chemistry
36:00 Husbandry
36:02 Town Watch
37:08 Conscription
37:25 Elite Elephant Archer
40:35 Bracer
41:06 Ring Archer Armor
41:24 Hoardings
42:02 Murder Holes
42:40 Elite Skirmisher
44:06 Imperial Skirmisher
46:53 Pikeman
47:33 Squires
49:09 Medical Corps
49:25 Scale Mail Armor
49:35 Forging
香江七百萬大才子
5:36 Loom
15:03 Feudal Age
30:11 Castle Age
28:06 Stone Mining
28:03 Double-Bit Axe
38:48 Fletching
38:59 Padded Archer Armor
48:48 Leather Archer Armor
54:00 Imperial Age
ClownWorld 2.0
9:48 Loom
18:02 Feudal Age
20:19 Feudal Age
20:11 Loom
22:16 Wheelbarrow
21:27 Town Watch
29:02 Castle Age
27:06 Double-Bit Axe
29:12 Bloodlines
35:15 Stone Mining
42:38 Hand Cart
54:11 Imperial Age
fastgg
6:04 Loom
21:46 Feudal Age
25:42 Castle Age
24:09 Double-Bit Axe
24:13 Horse Collar
27:02 Bow Saw
27:14 Town Watch
30:03 Pikeman
31:53 Wheelbarrow
31:29 Squires
32:50 Scale Mail Armor
33:57 Chain Mail Armor
34:28 Forging
37:11 Gold Mining
38:36 Hand Cart
38:57 Iron Casting
42:39 Imperial Age
40:15 Scale Barding Armor
41:03 Gold Shaft Mining
41:02 Chain Barding Armor
41:16 Heavy Plow
42:01 Bloodlines
41:51 Husbandry
42:09 Marauders
43:00 Elite Tarkan
44:00 Conscription
44:17 Plate Barding Armor
44:42 Blast Furnace
44:10 Capped Ram
46:59 Siege Ram
48:30 Fletching
50:25 Atheism
49:35 Sappers
51:10 Guilds
51:31 Coinage
BattleCrap
16:12 Feudal Age
17:05 Double-Bit Axe
17:57 Horse Collar
23:22 Wheelbarrow
23:33 Gold Mining
24:17 Stone Mining
27:49 Castle Age
25:45 Fletching
26:13 Scale Mail Armor
26:32 Forging
26:35 Scale Barding Armor
27:25 Padded Archer Armor
28:19 Arson
29:20 Bow Saw
29:12 Heavy Plow
29:49 Gold Shaft Mining
29:49 Stone Shaft Mining
29:49 Gold Shaft Mining
29:54 Stone Shaft Mining
29:23 Squires
29:37 Bodkin Arrow
29:37 Gambesons
30:12 Chain Mail Armor
30:35 Iron Casting
30:44 Chain Barding Armor
31:12 Hand Cart
32:07 Murder Holes
32:24 Masonry
33:23 Ballistics
33:36 Stirrups
52:03 Imperial Age
wz975
12:44 Feudal Age
13:48 Double-Bit Axe
13:44 Horse Collar
16:31 Castle Age
17:25 Loom
17:53 Town Watch
19:14 Wheelbarrow
19:18 Wheelbarrow
19:03 Bow Saw
23:10 Fletching
23:21 Padded Archer Armor
24:31 Heavy Plow
25:14 Bodkin Arrow
26:04 Leather Archer Armor
26:22 Ballistics
31:49 Stone Mining
31:53 Gold Mining
36:33 Imperial Age
34:22 Hand Cart
35:35 Gold Shaft Mining
35:36 Stone Shaft Mining
35:41 Nomads
35:56 Town Patrol
36:37 Elite Mangudai
37:51 Drill
37:52 Conscription
38:00 Bracer
39:23 Chemistry
38:49 Parthian Tactics
39:07 Thumb Ring
38:25 Capped Ram
40:36 Coinage
41:16 Siege Engineers
41:22 Masonry
41:07 Murder Holes
41:19 Scale Barding Armor
41:25 Forging
42:05 Chain Barding Armor
42:50 Bloodlines
42:40 Husbandry
42:01 Light Cavalry
43:22 Onager
43:32 Siege Ram
44:10 Hussar
47:41 Hoardings
47:43 Iron Casting
47:52 Siege Onager
Connection lost

Rejoining the realm…

Still unreachable

The connection could not be restored.

Session expired

The server has moved on; the page needs a fresh start.